 Dungeon Crawl Stone Soup version 0.27-a0-291-gd9602db6ee (webtiles) character file.

Game seed: 7651141007535349563

749 puppykicker the Ruffian (level 7, -4/71 HPs)
             Began as an Ogre Transmuter on Feb 9, 2021.
             Slain by an ogre
             ... wielding a +0 giant club
              (27 damage)
             ... on level 5 of the Dungeon.
             The game lasted 00:16:05 (5785 turns).

puppykicker the Ruffian (Ogre Transmuter)           Turns: 5785, Time: 00:16:06

Health: -4/71      AC:  4    Str: 23    XL:     7   Next: 78%
Magic:  11/11      EV: 10    Int: 14    God:
Gold:   241        SH:  0    Dex:  9    Spells: 2/12 levels left

rFire    + . .     SeeInvis .   a - +8 war axe of Sloth {freeze, rC+ Stlth+}
rCold    + + .     Faith    .   (no shield)
rNeg     + . .     Spirit   .   m - +0 robe {rC+ rF+} {rC+, rF+}
rPois    .         Reflect  .   (helmet currently unavailable)
rElec    .         Harm     .   r - +0 cloak
rCorr    .         Rampage  .   (gloves unavailable)
Will     .....                  (boots unavailable)
Stlth    ++........             q - amulet of magic regeneration
HPRegen  0.21/turn              h - +6 ring of strength
MPRegen  0.37/turn              N - ring of positive energy {rN+}

@: appendages (expiring)
A: large, unfitting armour, horns 2, talons 2, tough skin 1
a: End Transformation


You were on level 5 of the Dungeon.
You had grown temporary horns.
You had grown temporary talons.
You visited 1 branch of the dungeon, and saw 5 of its levels.

You collected 241 gold pieces.

Inventory:

Hand Weapons
 a - the +8 war axe of Sloth (weapon) {freeze, rC+ Stlth+}
   (You found it on level 4 of the Dungeon)

   It has been specially enchanted to freeze those struck by it, causing extra
   injury to most foes and up to half again as much damage against particularly
   susceptible opponents.
   It can also slow down cold-blooded creatures.
   It protects you from cold.
   It makes you more stealthy.
Missiles
 j - 3 javelins (quivered)
 n - 5 atropa-tipped darts
 w - 5 poisoned darts
Armour
 m - a +0 robe of resistance (worn) {rC+, rF+}
 p - a +0 kite shield
 r - a +0 cloak (worn)
Jewellery
 h - a +6 ring of strength (left hand)
 q - an amulet of magic regeneration (around neck)
 N - a ring of positive energy (right hand) {rN+}
Wands
 v - a wand of random effects (14)
Scrolls
 c - 3 scrolls of remove curse
 d - 2 scrolls of fog {unknown}
 e - a scroll of blinking {unknown}
 f - 9 scrolls of teleportation {unknown}
 i - a scroll of magic mapping {unknown}
 l - 3 scrolls of enchant armour {unknown}
 o - a scroll of enchant weapon {unknown}
 u - a scroll of fear {unknown}
Potions
 b - a potion of curing {unknown}
 g - 2 potions of heal wounds
 k - a potion of cancellation {unknown}
 s - a potion of flight


   Skills:
 + Level 4.7 Fighting
 - Level 2.0 Dodging
 + Level 2.7 Shields
 * Level 5.2 Unarmed Combat
 - Level 3.0 Spellcasting
 + Level 3.6 Transmutations
 - Level 1.0 Ice Magic
 - Level 1.0 Poison Magic


You had 2 spell levels left.
You knew the following spells:

 Your Spells              Type           Power        Failure   Level
a - Beastly Appendage     Tmut           24%          4%          1
b - Ice Form              Ice/Tmut       8%           63%         4
c - Spider Form           Tmut/Pois      4%           24%         3
w - Wereblood             Tmut           12%          7%          2

Your spell library contained the following spells:

 Spells                   Type           Power        Failure   Level
 Blade Hands              Tmut           6%           78%         5


Dungeon Overview and Level Annotations

Branches:
Dungeon (5/15)
 Temple: D:4-7

Altars:
Dithmenos
Uskayaw
The Shining One


Innate Abilities, Weirdness & Mutations

You are too large for most types of armour.
You have tough skin. (AC +1)
You have a pair of horns on your head.
You have razor-sharp toenails.


Message History

You grow a pair of large bovine horns.
Your feet morph into talons.
You now have 10/11 mp.
An ogre comes into view. It is wielding a +0 giant club.
The ufetubus shouts!
MP restored: 11 The ogre shouts!
You slash the ufetubus!
You kill the ufetubus!
You hit the ogre. You freeze the ogre. You claw the ogre!
Your transformation is almost over.
The ogre hits you with a +0 giant club!
You take 7 damage, and have 56/71 hp.
You hit the ogre. You freeze the ogre. You claw the ogre!
The ogre hits you with a +0 giant club!!
You take 20 damage, and have 36/71 hp.
MASSIVE DAMAGE!!
You barely miss the ogre. The ogre hits you with a +0 giant club!
* * * LOW HITPOINT WARNING * * *
The ogre hits you with a +0 giant club!!
You die...

#.......# #.......+
#.......# #.......#
##.......# #.......
####.#.O.# .......@# #
####.##.# .
.#####.##.####### ..
......##........
......#.##.......#######
................#.....#
#......##..............
#......##.......#.###.#
#......#....#####.#


You could see an ogre.

Levels and vault maps discovered:
D:1:      noname_arrival_rooms_in_the_neighbourhood, layout_basic, tso_altar
D:2:      layout_loops_ring, grunt_dithmenos_smoke
D:3:      layout_basic, kennysheep_generic_room_12, uniq_ijyb
D:4:      layout_basic, wad_orctagon
D:5:      layout_basic, lemuel_coloured_pillars_altar

Notes
Turn   | Place    | Note
-------+----------+-------------------------------------------
     0 | D:1      | puppykicker the Ogre Transmuter began the quest for the
                  | Orb.
     0 | D:1      | Reached XP level 1. HP: 19/19 MP: 3/3
    62 | D:1      | Identified a +0 short sword
   111 | D:1      | Identified a +0 club
   340 | D:1      | Identified a cursed +0 club
   341 | D:1      | Identified 3 scrolls of identify
   341 | D:1      | Identified a scroll of remove curse
   585 | D:1      | Reached XP level 2. HP: 25/28 MP: 2/5
   605 | D:1      | Learned a level 2 spell: Wereblood
   885 | D:1      | Identified a +0 club
  1085 | D:1      | Identified a +0 club
  1098 | D:1      | Found a glowing golden altar of the Shining One.
  1193 | D:1      | Reached skill level 3 in Unarmed Combat
  1275 | D:1      | Identified a +0 dagger
  1285 | D:1      | Reached skill level 2 in Dodging
  1286 | D:1      | Reached skill level 2 in Transmutations
  1389 | D:1      | Identified a +0 dagger
  1432 | D:1      | Reached skill level 2 in Fighting
  1560 | D:2      | Identified a cursed +0 flail (You found it on level 2 of
                  | the Dungeon)
  1573 | D:2      | Identified a +0 short sword
  1742 | D:2      | Reached XP level 3. HP: 33/35 MP: 4/6
  1752 | D:2      | Learned a level 3 spell: Spider Form
  1752 | D:2      | Found a shadowy altar of Dithmenos.
  1764 | D:2      | Identified a +0 club
  1765 | D:2      | Identified a +0 club
  2101 | D:2      | Identified a +0 dagger
  2113 | D:2      | Reached XP level 4. HP: 41/44 MP: 5/7
  2118 | D:2      | Identified a +0 dagger
  2125 | D:2      | Identified a cursed -1 club
  2129 | D:2      | Identified a +0 spear
  2132 | D:2      | Identified a +0 halberd
  2132 | D:2      | Identified a +6 ring of strength
  2164 | D:2      | Identified a cursed -1 spear
  2165 | D:2      | HP: 2/44 [gnoll/+0 spear (11)]
  2719 | D:2      | Reached skill level 1 in Shields
  2728 | D:2      | Reached XP level 5. HP: 26/50 MP: 6/8
  2997 | D:2      | Identified a +0 club
  2997 | D:2      | Identified a +0 hunting sling
  3233 | D:3      | Identified a +0 club
  3239 | D:3      | Reached skill level 1 in Poison Magic
  3288 | D:3      | Identified a +0 club
  3592 | D:3      | Identified a +0 robe of resistance (You found it on level 3
                  | of the Dungeon)
  3638 | D:3      | Identified a +0 dagger
  3659 | D:3      | Identified a +0 club
  3659 | D:3      | Identified a cursed -2 leather armour
  3659 | D:3      | Noticed Ijyb
  3664 | D:3      | Killed Ijyb
  3665 | D:3      | Reached skill level 3 in Fighting
  3849 | D:3      | Identified a +0 giant club
  3849 | D:3      | Noticed an ogre
  3850 | D:3      | Identified a +0 dagger
  3861 | D:3      | Killed an ogre
  3862 | D:3      | Reached skill level 4 in Unarmed Combat
  3862 | D:3      | Reached XP level 6. HP: 30/61 MP: 5/10
  3862 | D:3      | Identified a +0 club
  3866 | D:3      | Identified a +0 club
  3866 | D:3      | Identified an uncursed amulet of magic regeneration
  3868 | D:3      | Identified a +2 flail of protection
  3869 | D:3      | Identified a +0 dagger
  3869 | D:3      | Identified a cursed +0 robe
  3877 | D:3      | Identified a +0 mace
  3877 | D:3      | Identified a +0 ring mail
  3882 | D:3      | Identified a +0 hand axe
  3882 | D:3      | Identified a cursed +0 robe
  3882 | D:3      | Identified a +0 war axe
  3882 | D:3      | Identified a +0 chain mail
  3889 | D:3      | Identified a +0 whip
  3894 | D:3      | Identified a +0 short sword
  3903 | D:3      | Reached skill level 3 in Spellcasting
  3903 | D:3      | Reached skill level 3 in Transmutations
  3905 | D:3      | HP: 14/61 [orc/+0 war axe (8)]
  4168 | D:3      | Identified a +0 dagger
  4185 | D:3      | Learned a level 4 spell: Ice Form
  4205 | D:3      | Identified a +0 cloak (You found it on level 3 of the
                  | Dungeon)
  4250 | D:3      | Reached skill level 2 in Shields
  4362 | D:3      | Identified a +0 kite shield (You found it on level 1 of the
                  | Dungeon)
  4455 | D:3      | Identified a ring of positive energy (You found it on level
                  | 3 of the Dungeon)
  4541 | D:3      | Identified a +0 shortbow
  4550 | D:3      | Reached skill level 4 in Fighting
  4550 | D:3      | Reached XP level 7. HP: 61/70 MP: 9/11
  4647 | D:3      | Identified a potion of heal wounds
  4648 | D:3      | Identified a potion of flight
  4919 | D:4      | Identified a +0 club
  4929 | D:4      | Got a crude war axe
  4936 | D:4      | Identified the +8 war axe of Sloth {freeze, rC+ Stlth+}
                  | (You found it on level 4 of the Dungeon)
  5030 | D:4      | Identified a +0 club
  5031 | D:4      | Identified a +0 flail
  5050 | D:4      | Identified a +0 club
  5050 | D:4      | Identified a +0 dagger
  5162 | D:4      | Identified a potion of degeneration
  5178 | D:4      | Reached skill level 1 in Ice Magic
  5281 | D:4      | Identified a +0 hand axe
  5281 | D:4      | Identified a +0 leather armour
  5297 | D:4      | Identified a +0 giant spiked club
  5299 | D:4      | Reached skill level 5 in Unarmed Combat
  5358 | D:5      | Entered Level 5 of the Dungeon
  5358 | D:5      | Identified a +0 club
  5358 | D:5      | Identified a +0 leather armour
  5698 | D:5      | Found a hide-covered altar of Uskayaw.
  5755 | D:5      | Identified a +0 leather armour
  5780 | D:5      | Identified a +0 giant club
  5785 | D:5      | Slain by an ogre

Table legend: (Time is in decaauts)
 A = Elapsed time spent in this place.
 B = Non-inter-level travel time spent in this place.
 C = Inter-level travel time spent in this place.
 D = Time resting spent in this place.
 E = Time spent auto-exploring this place.
 F = Levels seen in this place.
 G = Mean time per level.
                   A        B        C        D        E       F      G
               +--------+--------+--------+--------+--------+-----+--------+
         Total |   5801 |   5711 |     90 |   2104 |   2816 |   5 | 1160.2 |
       Dungeon |   5801 |   5711 |     90 |   2104 |   2816 |   5 | 1160.2 |
               +--------+--------+--------+--------+--------+-----+--------+

Top non-repeatable levels by time:
     D:2: 1703 daAuts
     D:3: 1610 daAuts
     D:1: 1523 daAuts
     D:4: 529 daAuts
     D:5: 434 daAuts

Table legend:
 A = Kills in this place as a percentage of kills in entire the game.
 B = Kills by you in this place as a percentage of kills by you in the entire game.
 C = Kills by friends in this place as a percentage of kills by friends in the entire game.
 D = Other kills in this place as a percentage of other kills in the entire game.
 E = Experience gained in this place as a percentage of experience gained in the entire game.
 F = Experience gained in this place divided by the number of levels of this place that you have seen.
                   A       B       C       D       E      F
               +-------+-------+-------+-------+-------+----------------------
         Total | 100.0 | 100.0 |   N/A |   N/A | 100.0 | 214.2
       Dungeon | 100.0 | 100.0 |   N/A |   N/A | 100.0 | 214.2
               +-------+-------+-------+-------+-------+----------------------

Skill      XL: |  1  2  3  4  5  6  7 |
---------------+----------------------+-----
Unarmed Combat | 3 4 5 |  5.2
Dodging        | 2 |  2.0
Transmutations | 2 3 |  3.6
Fighting       | 2 3 4 |  4.7
Shields        | 1 2 |  2.7
Poison Magic   | 1 |  1.0
Spellcasting   | 3 |  3.0
Ice Magic      | 1 |  1.0

Action                   |  1- 3 |  4- 6 |  7- 9 || total
-------------------------+-------+-------+-------++-------
Melee: Unarmed           |    95 |   117 |     8 ||   220
       Kick              |    18 |     9 |     3 ||    30
       Headbutt          |     7 |     4 |     2 ||    13
       Punch             |     1 |     1 |       ||     2
       Flail             |       |    16 |    15 ||    31
       War axe           |       |       |    36 ||    36
Throw: Javelin           |     5 |     3 |       ||     8
 Cast: Beastly Appendage |    22 |    14 |     7 ||    43
       Spider Form       |       |     8 |     1 ||     9
       Wereblood         |       |     1 |       ||     1
  Use: Scroll            |     2 |       |     3 ||     5
 Stab: Sleeping          |       |     1 |       ||     1
Armor: Robe              |    17 |    26 |    19 ||    62
       Skin              |       |     5 |       ||     5
Dodge: Dodged            |    39 |    89 |    35 ||   163

Vanquished Creatures
  A centaur (D:3)
  2 ogres
  A bullfrog (D:3)
  A bullfrog zombie (D:4)
  A hound (D:4)
  An orc priest (D:3)
  A bullfrog skeleton (D:5)
  Ijyb (D:3)
  An orc wizard (D:3)
  3 worker ants
  4 gnolls (D:2)
  4 adders
  3 ufetubi
  3 worms
  A dart slug (D:4)
  3 leopard geckos
  14 orcs
  3 giant cockroaches
  11 goblins
  9 hobgoblins
  4 jackals (D:2)
  7 kobolds
  3 quokkas
  8 bats
  3 frilled lizards
  A quokka skeleton (D:4)
  7 rats
101 creatures vanquished.
